 Dungeon Crawl Stone Soup version 0.29-a0-284-gf9362112df (webtiles) character file.

Game seed: 6162239352369930777

1865 kae the Carver (level 9, -1/71 HPs)
             Began as a Merfolk Abyssal Knight on Mar 15, 2022.
             Was an Elder of Lugonu.
             Slain by a steam dragon (4 damage)
             ... on level 7 of the Dungeon.
             The game lasted 00:06:38 (10169 turns).

kae the Carver (Merfolk Abyssal Knight)            Turns: 10169, Time: 00:06:39

Health: -1/71      AC:  7    Str: 13    XL:     9   Next: 13%
Magic:  13/13      EV: 15    Int:  9    God:    Lugonu [****..]
Gold:   373        SH:  4    Dex: 19    Spells: 8/8 levels left

rFire   . . .      SeeInvis .   a - +2 falchion
rCold   . . .      Faith    .   x - +0 buckler
rNeg    . . .      Spirit   .   b - +0 leather armour
rPois   .          Reflect  .   d - +1 helmet
rElec   .          Harm     .   l - +0 cloak
rCorr   .          Rampage  .   j - +0 pair of gloves
Will    .....                   (no boots)
Stlth   +.........              (no amulet)
HPRegen 0.21/turn               k - ring of flight
MPRegen 0.13/turn               (no ring)

@: about to teleport, flying
A: (nimble swimmer 2), mertail
a: Renounce Religion, Depart the Abyss, Bend Space, Banish, Corrupt


You were on level 7 of the Dungeon.
You worshipped Lugonu.
Lugonu was greatly pleased with you.
You visited 1 branch of the dungeon, and saw 7 of its levels.
You visited the Abyss 1 time.
You also visited: Sewer.

You collected 439 gold pieces.
You spent 66 gold pieces at shops.

Inventory:

Hand Weapons
 a - a +2 falchion (weapon)
Armour
 b - a +0 leather armour (worn)
 d - a +1 helmet (worn)
 j - a +0 pair of gloves (worn)
 l - a +0 cloak (worn)
 x - a +0 buckler (worn)
Jewellery
 k - a ring of flight (left hand)
 r - an amulet of faith
Scrolls
 h - a scroll of teleportation
 i - 4 scrolls of magic mapping
 o - a scroll of identify
 q - 2 scrolls of enchant weapon
 u - a scroll of summoning
 v - a scroll of fog
Potions
 c - a potion of ambrosia
 e - 2 potions of brilliance
 f - 5 potions of mutation
 g - 2 potions of heal wounds
 m - a potion of berserk rage
 n - a potion of attraction
 p - a potion of lignification
 w - a potion of resistance {unknown}


   Skills:
 + Level 6.5 Fighting
 * Level 9.0 Long Blades
 - Level 0.6 Armour
 + Level 7.2 Dodging
 + Level 1.2 Shields
 + Level 5.8 Invocations


You had 8 spell levels left.
You didn't know any spells.
Your spell library contained the following spells:

 Spells                   Type           Power      Damage    Failure   Level
 Conjure Flame            Conj/Fire      0%         6-21      91%         3
 Ignite Poison            Fire/Tmut/Pois 0%         N/A       91%         3
 Sticky Flame             Conj/Fire      0%         2d3       100%        4


Dungeon Overview and Level Annotations

Branches:
Dungeon (7/15)              Sewer (visited)
 Temple: D:4-7

Altars:
Ashenzari
Fedhas
Gozag
Kikubaaqudgha
Qazlal
Trog
Uskayaw
Wu Jian
Yredelemnul
Zin
The Shining One

Shops:
D:2 ?


Innate Abilities, Weirdness & Mutations

((You are very nimble when in or above water. (Stealth+, EV+, Speed+++)))
Your lower body shifts to a powerful aquatic tail in water.


Message History

The steam dragon misses you.
You hit the steam dragon but do no damage.
The steam dragon is heavily wounded.
You are engulfed in a cloud of scalding steam.
The steam dragon closely misses you. The steam dragon misses you.
You hit the steam dragon.
The steam dragon is heavily wounded.
You are engulfed in a cloud of scalding steam.
You hit the steam dragon.
The steam dragon is heavily wounded.
You block the steam dragon's attack. The steam dragon closely misses you.
You hit the steam dragon but do no damage.
The steam dragon is heavily wounded.
The steam dragon bites you.
The steam dragon claws you but does no damage.
An orc comes into view. It is wielding a +0 flail.
You barely miss the steam dragon.
The steam dragon is heavily wounded.
The steam dragon breathes steam at you. The ball of steam hits you!
* * * LOW HITPOINT WARNING * * *
You hit the steam dragon but do no damage.
The steam dragon is heavily wounded.
You are engulfed in a cloud of scalding steam.
The steam dragon barely misses you. The steam dragon claws you.
* * * LOW HITPOINT WARNING * * *
A vampire comes into view.
Okay, then.
As you read the scroll of fear, it crumbles to dust.
You assume a fearsome visage.
The gargoyle is unaffected.
The vampire is unaffected.
The steam dragon resists with some effort.
The orc looks frightened! x2
You are engulfed in a cloud of scalding steam.
* * * LOW HITPOINT WARNING * * *
The steam dragon breathes steam at you. The ball of steam misses you.
As you read the scroll of teleportation, it crumbles to dust.
You feel strangely unstable. The steam dragon bites you.
You die... # .# #. . .#.# V#o oY

# 9# ###. ##D#
#.... ###@§# #
#..#####.§#§....#
#.......§.........
##....############
####.# #.# #.###
#)..#######
#.......<.#


You could see a vampire, a steam dragon (catching breath), a gargoyle, an ice
beast and 2 orcs.

Vanquished Creatures
  2 water moccasins
  An orc warrior (D:6)
  A sky beast (D:5)
  3 ice beasts
  A black bear (D:5)
  2 bullfrogs (Sewer)
  A necrophage (D:5)
  3 scorpions (D:5)
  3 killer bees (D:7)
  2 howler monkeys
  2 hounds
  3 orc priests
  2 iguanas
  Jessica (D:2)
  An orc wizard (D:7)
  3 gnolls (D:7)
  6 adders
  4 white imps
  2 worms
  11 orcs
  19 endoplasms
  8 giant cockroaches
  10 goblins
  8 hobgoblins
  2 jackals (D:1)
  8 kobolds
  15 quokkas
  19 ball pythons
  6 bats
  10 frilled lizards
  7 rats
166 creatures vanquished.

Vanquished Creatures (others)
  A kobold brigand (D:7)
  5 plants
6 creatures vanquished.

Grand Total: 172 creatures vanquished

Notes
Turn   | Place    | Note
-------+----------+-------------------------------------------
     0 | Abyss:1  | kae the Merfolk Abyssal Knight began the quest for the Orb.
     0 | Abyss:1  | Reached XP level 1. HP: 18/18 MP: 2/2
     9 | D:1      | Escaped the Abyss
   208 | D:1      | Reached XP level 2. HP: 24/24 MP: 3/3
   271 | D:1      | Reached skill level 3 in Long Blades
   640 | D:1      | Reached XP level 3. HP: 20/29 MP: 4/4
  1010 | D:1      | Found a faded altar of an unknown god.
  1417 | D:2      | Reached *** piety under Lugonu
  1454 | D:2      | Found Cickem's Magic Scroll Boutique.
  1461 | D:2      | Bought a scroll of identify for 24 gold pieces
  1461 | D:2      | Bought a scroll of magic mapping for 42 gold pieces
  1532 | D:2      | Noticed Jessica
  1541 | D:2      | Killed Jessica
  1542 | D:2      | Reached XP level 4. HP: 29/37 MP: 4/6
  1635 | D:2      | Found a basalt altar of Yredelemnul.
  1967 | D:3      | Reached skill level 4 in Long Blades
  2166 | D:3      | Found an ancient bone altar of Kikubaaqudgha.
  2168 | D:3      | Found a glowing silver altar of Zin.
  2172 | D:3      | Found a hide-covered altar of Uskayaw.
  2172 | D:3      | Found a glowing golden altar of the Shining One.
  2172 | D:3      | Found an opulent altar of Gozag.
  2172 | D:3      | Found a basalt altar of Yredelemnul.
  2172 | D:3      | Found a blossoming altar of Fedhas.
  2173 | D:3      | Found a broken altar of Ashenzari.
  2174 | D:3      | Found an ornate altar of the Wu Jian Council.
  2176 | D:3      | Found a stormy altar of Qazlal.
  2177 | D:3      | Found a bloodstained altar of Trog.
  2858 | D:4      | Reached XP level 5. HP: 35/42 MP: 7/7
  3393 | D:4      | Reached XP level 6. HP: 12/49 MP: 8/8
  3401 | D:4      | Found a glowing drain.
  3409 | Sewer    | Entered a sewer
  3633 | Sewer    | Reached skill level 5 in Long Blades
  3676 | Sewer    | Reached **** piety under Lugonu
  4150 | Sewer    | Reached XP level 7. HP: 18/55 MP: 9/9
  4858 | D:5      | Entered Level 5 of the Dungeon
  4960 | D:5      | Reached skill level 6 in Long Blades
  4960 | D:5      | Reached skill level 5 in Dodging
  5102 | D:5      | Reached skill level 5 in Fighting
  5726 | D:5      | Reached skill level 7 in Long Blades
  5726 | D:5      | Reached XP level 8. HP: 53/63 MP: 11/11
  5755 | D:5      | Reached ***** piety under Lugonu
  5996 | D:5      | Reached skill level 5 in Invocations
  6992 | D:6      | Reached skill level 8 in Long Blades
  8914 | D:7      | Identified the +7 mace of Disharmony {drain, MP+9}
  8942 | D:7      | Reached XP level 9. HP: 70/70 MP: 13/13
  9334 | D:7      | Reached skill level 1 in Shields
  9360 | D:7      | Reached skill level 9 in Long Blades
  9672 | D:6      | HP: 1/71 [vampire mosquito (3)]
 10154 | D:7      | Noticed a gargoyle
 10168 | D:7      | HP: 3/71 [steam dragon] (4)]
 10169 | D:7      | Slain by a steam dragon

Illustrated notes

Levels and vault maps discovered:
D:1:      dpeg_arrival_signposts, layout_basic,
          ebering_ecumenical_altar_sacrificial, minmay_misc_feat_cross
D:2:      layout_basic, basic_altar, serial_shops, shop, uniq_jessica
D:3:      layout_loops_corners, minitemple
D:4:      layout_basic, portal_sewer_entry_a
D:5:      layout_loops_corners, minmay_temple_entry_overgrown,
          serial_bayou_pond_b, moated_statue
D:6:      layout_layer_cave, supply_closet_lemuel,
          corexii_item_surrounded_by_moat
D:7:      layout_layer_cave, minmay_shattered_shrine

Skill      XL: |  1  2  3  4  5  6  7  8  9 |
---------------+----------------------------+-----
Dodging        | 3 4 5 7 |  7.2
Long Blades    | 3 4 5 7 8 9 |  9.0
Fighting       | 4 5 6 |  6.5
Invocations    | 3 4 5 |  5.8
Shields        | 1 |  1.2
Armour         | |  0.6

Action                   |  1- 3 |  4- 6 |  7- 9 || total
-------------------------+-------+-------+-------++-------
Melee: Falchion          |   104 |   214 |   317 ||   635
       Punch             |     1 |     2 |     4 ||     7
Invok: Bend Space        |       |       |     2 ||     2
  Use: Scroll            |     2 |     9 |    11 ||    22
       Potion            |       |     1 |     4 ||     5
 Stab: Sleeping          |     1 |     3 |     1 ||     5
       Distracted        |     1 |       |       ||     1
       Invisible         |       |     3 |       ||     3
Armor: Leather armour    |    31 |    51 |   103 ||   185
Dodge: Dodged            |    61 |   159 |   262 ||   482
Block: Buckler           |       |       |    17 ||    17

Table legend: (Time is in decaauts)
 A = Elapsed time spent in this place.
 B = Non-inter-level travel time spent in this place.
 C = Inter-level travel time spent in this place.
 D = Time resting spent in this place.
 E = Time spent auto-exploring this place.
 F = Levels seen in this place.
 G = Mean time per level.
                   A        B        C        D        E       F      G
               +--------+--------+--------+--------+--------+-----+--------+
         Total |  10145 |   9980 |    165 |   3250 |   5326 |   9 | 1127.2 |
       Dungeon |   9178 |   9013 |    165 |   2733 |   5081 |   7 | 1311.1 |
         Abyss |      9 |      9 |      0 |      0 |      4 |   1 |    9.0 |
         Sewer |    957 |    957 |      0 |    517 |    240 |   1 |  957.0 |
               +--------+--------+--------+--------+--------+-----+--------+

Top non-repeatable levels by time:
     D:5: 2609 daAuts
     D:6: 2078 daAuts
     D:3: 1105 daAuts
     D:1: 1033 daAuts
   Sewer: 957 daAuts
     D:4: 938 daAuts
     D:2: 866 daAuts
     D:7: 549 daAuts
 Abyss:1: 9 daAuts
